 Dungeon Crawl Stone Soup version 0.31-a0-174-g85c54bcb58 (webtiles) character file.

Game seed: 14131878255193490898

854 qw the Skirmisher (level 8, -8/48 HPs)
             Began as a Gargoyle Hunter on June 15, 2023.
             Mangled by Duvessa
             ... wielding a +0 short sword
              (11 damage)
             ... on level 5 of the Dungeon.
             The game lasted 00:01:33 (3172 turns).

qw the Skirmisher (Gargoyle Hunter)                 Turns: 3172, Time: 00:01:33

Health: -8/48      AC: 18    Str: 20    XL:     8   Next: 1%
Magic:  0/8        EV: 12    Int: 10    God:
Gold:   164        SH:  0    Dex: 15    Spells: 7/7 levels left

rFire   . . .        Y - +0 shortbow
rCold   x . .        (shield currently unavailable)
rNeg    + . .        c - +0 leather armour
rPois   inf          (no helmet)
rElec   +            e - +0 cloak
rCorr   .            l - +2 pair of gloves of Sivuf {Rampage rC- Str+5}
SInv    .            n - +0 pair of boots
Will    .....        m - amulet of guardian spirit
Stlth   +            a - +4 ring of protection
HPRegen 0.28/turn    (no ring)
MPRegen 0.11/turn

%: guardian spirit, rampage
@: lit by a corona, glowing
A: sickness immunity, AC +5, negative energy resistance 1, electricity
resistance, torment resistance 1, petrification resistance
a: no special abilities


You were on level 5 of the Dungeon.
You visited 1 branch of the dungeon, and saw 5 of its levels.

You collected 164 gold pieces.


Innate Abilities, Weirdness & Mutations

You are immune to sickness and miasma.
Your stone body is resilient. (AC +5)
You are immune to poison.
You resist negative energy. (rN+)
You are resistant to electric shocks. (rElec)
You are resistant to unholy torment.
You are immune to petrification.


   Skills:
 + Level 4.6 Fighting
 - Level 8.3 Ranged Weapons
 - Level 1.7 Armour
 - Level 2.4 Dodging
 - Level 1.1 Stealth


You had 7 spell levels left.
You didn't know any spells.
Your spell library was empty.

Inventory:

Hand Weapons
 Y - a +0 shortbow (weapon)
Armour
 c - a +0 leather armour (worn)
 d - a +0 helmet
 e - a +0 cloak (worn)
 l - the +2 pair of gloves of Sivuf (worn) {Rampage rC- Str+5}
   (You found it on level 3 of the Dungeon)

   Str:       It affects your strength (+5).
   rC:        It makes you vulnerable to cold.
   Rampage:   It bestows one free step when moving towards enemies.
 n - a +0 pair of boots (worn)
Jewellery
 a - a +4 ring of protection (left hand)
 m - an amulet of guardian spirit (around neck)
Scrolls
 h - a scroll of identify
Potions
 b - a potion of haste
 f - a potion of magic
 g - a potion of attraction {unknown}
 i - a potion of lignification
 j - a potion of cancellation {unknown}
 k - a potion of degeneration {unknown}
 p - a potion of mutation {unknown}

Dungeon Overview and Level Annotations

Branches:
Dungeon (5/15)
 Temple: D:4-7

Altars:
Ashenzari
Elyvilon
Gozag
Kikubaaqudgha
Vehumet
Wu Jian

Shops:
D:1 [

Annotations:
D:4 2 transporters
D:5 Duvessa


Message History

You shoot an arrow. The arrow hits Duvessa.
Duvessa is moderately wounded.
Duvessa hits you but does no damage.
You shoot an arrow.
The arrow hits Duvessa but does no damage.
Duvessa is moderately wounded.
Duvessa hits you with a +0 short sword. Duvessa hits you but does no damage.
You shoot an arrow.
The arrow hits Duvessa but does no damage.
Duvessa is lightly wounded.
Duvessa hits you but does no damage.
You shoot an arrow. The arrow hits Duvessa.
Duvessa is moderately wounded.
Duvessa closely misses you. Duvessa misses you.
You shoot an arrow. The arrow hits Duvessa.
Duvessa is moderately wounded.
Duvessa closely misses you. Duvessa hits you with a +0 short sword.
You shoot an arrow.
The arrow hits Duvessa but does no damage.
Duvessa is moderately wounded.
Duvessa hits you but does no damage.
You shoot an arrow. The arrow closely misses Duvessa.
Duvessa hits you with a +0 short sword. Duvessa hits you but does no damage.
You shoot an arrow. The arrow completely misses Duvessa.
Duvessa hits you but does no damage.
You shoot an arrow. The arrow hits Duvessa.
Duvessa is moderately wounded.
Duvessa completely misses you. Duvessa closely misses you.
You shoot an arrow.
The arrow hits Duvessa but does no damage.
Duvessa is moderately wounded.
Duvessa hits you with a +0 short sword!
You shoot an arrow. The arrow hits Duvessa.
Duvessa is heavily wounded.
Duvessa hits you but does no damage. Duvessa hits you with a +0 short sword.
You shoot an arrow. The arrow closely misses Duvessa.
Duvessa hits you with a +0 short sword!
You shoot an arrow. The arrow closely misses Duvessa.
Duvessa hits you but does no damage. Duvessa hits you with a +0 short sword!
You die...

#..# #...#
##... .....#
......#
.......
......e##
#.....)@##
####
##.......#
#..##
#....<..##
##...##
##.......##
##.....##
##....%..##
#.......##
##...#...#
#........##
######..##
##.........#
#...##
#..........#
######...#


You could see Duvessa (berserk, fast).

Vanquished Creatures
  Sigmund (D:5)
  An ogre (D:5)
  A phantom (D:5)
  A centaur (D:5)
  A scorpion (D:4)
  Dowan (D:5)
  2 howler monkeys
  3 hounds
  An iguana (D:5)
  3 gnolls (D:4)
  4 adders
  An ufetubus (D:4)
  A worm (D:2)
  5 dart slugs
  8 endoplasms
  3 giant cockroaches
  7 goblins
  5 hobgoblins
  10 jackals
  5 kobolds
  4 quokkas (D:1)
  8 ball pythons
  4 bats
  A frilled lizard (D:3)
  7 rats
88 creatures vanquished.

Notes
Turn   | Place    | Note
-------+----------+-------------------------------------------
     0 | D:1      | qw the Gargoyle Hunter began the quest for the Orb.
     0 | D:1      | Reached XP level 1. HP: 12/12 MP: 1/1
     0 | D:1      | 0 ||| qw: Version: 0.2-a-29-g511e9b1
     0 | D:1      | 0 ||| qw: Game counter: 5382
     0 | D:1      | 0 ||| qw: Always use a shield: true
     0 | D:1      | 0 ||| qw: God list: Okawaru
     0 | D:1      | 0 ||| qw: Allow faded altars: false
     0 | D:1      | 0 ||| qw: Do Orc after D:15 true
     0 | D:1      | 0 ||| qw: Do second Lair branch before Depths: true
     0 | D:1      | 0 ||| qw: Lair rune preference: random
     0 | D:1      | 0 ||| qw: Plans: Normal, Zot:1-4, Slime:5, God:TSO, Crypt,
                  | Tomb, Abyss, Pan, Hells, Win
     0 | D:1      | 0 ||| PLANNING D:1-11
   102 | D:1      | Reached XP level 2. HP: 17/17 MP: 2/2
   405 | D:1      | Found Puicaad's Antique Armour Shoppe.
   415 | D:1      | 415 ||| SHOPLISTING ring mail (96 gold, have 31).
   491 | D:1      | Reached XP level 3. HP: 20/21 MP: 3/3
   653 | D:1      | 653 ||| UPGRADING to +0 cloak.
   658 | D:1      | 658 ||| READING scroll labelled WYIT SUUM TES.
   659 | D:1      | 659 ||| READING scroll labelled VUPRITIMME.
   660 | D:1      | 660 ||| DROPPING scroll of butterflies.
   676 | D:2      | Reached skill level 5 in Ranged Weapons
  1077 | D:2      | Found an ornate altar of the Wu Jian Council.
  1097 | D:2      | Reached skill level 3 in Fighting
  1237 | D:2      | Reached XP level 4. HP: 28/28 MP: 4/4
  1427 | D:2      | 1427 ||| UPGRADING to +4 ring of protection.
  1428 | D:2      | 1428 ||| READING scroll labelled MAGGAH KENEY.
  1429 | D:2      | 1429 ||| READING scroll labelled DESSOABARCH.
  1430 | D:2      | 1430 ||| READING 2 scrolls labelled JIEGABLEMN.
  1652 | D:3      | Found an ornate altar of the Wu Jian Council.
  1652 | D:3      | Found a radiant altar of Vehumet.
  1652 | D:3      | Found a white marble altar of Elyvilon.
  1652 | D:3      | Found a broken altar of Ashenzari.
  1712 | D:3      | Found an opulent altar of Gozag.
  1753 | D:3      | Identified the +2 pair of gloves of Sivuf {Rampage rC-
                  | Str+5}
  1854 | D:3      | 1854 ||| UPGRADING to +2 pair of gloves of Sivuf {Rampage
                  | rC- Str+5}.
  1859 | D:3      | 1859 ||| READING scroll labelled VIEMEE QAIGOZ.
  1860 | D:3      | 1860 ||| READING scroll labelled AFFODUREONK.
  1861 | D:3      | 1861 ||| READING scroll labelled VEKHIL LAIJ FAJ.
  1908 | D:4      | Found an ancient bone altar of Kikubaaqudgha.
  1929 | D:4      | Reached skill level 1 in Armour
  1929 | D:4      | Reached XP level 5. HP: 32/32 MP: 5/5
  1983 | D:4      | 1983 ||| Stepping ~*~*~tactically~*~*~ (outnumbered).
  1988 | D:4      | Reached skill level 6 in Ranged Weapons
  1996 | D:4      | Reached XP level 6. HP: 33/38 MP: 6/6
  2003 | D:4      | 2003 ||| Stepping ~*~*~tactically~*~*~ (outnumbered).
  2013 | D:4      | 2013 ||| FLEEEEING.
  2015 | D:4      | 2015 ||| FLEEEEING.
  2017 | D:4      | 2017 ||| FLEEEEING.
  2231 | D:4      | Found a transporter.
  2245 | D:4      | Found a transporter.
  2507 | D:4      | 2507 ||| UPGRADING to +0 pair of boots.
  2512 | D:4      | 2512 ||| UPGRADING to amulet of guardian spirit.
  2517 | D:4      | 2517 ||| READING scroll labelled YROYM YW JAWI.
  2518 | D:4      | 2518 ||| DRINKING 2 inky potions.
  2519 | D:4      | 2519 ||| DRINKING 2 viscous inky potions.
  2558 | D:4      | 2558 ||| READING 3 scrolls of identify.
  2558 | D:4      | 2558 ||| IDENTIFYING gluggy blue potion
  2559 | D:4      | 2559 ||| READING 2 scrolls of identify.
  2559 | D:4      | 2559 ||| IDENTIFYING sapphire potion
  2573 | D:5      | Entered Level 5 of the Dungeon
  2748 | D:5      | Reached skill level 7 in Ranged Weapons
  2748 | D:5      | Reached XP level 7. HP: 41/43 MP: 7/7
  2849 | D:5      | Noticed Sigmund
  2877 | D:5      | HP: 9/43 [phantom (3)]
  2878 | D:5      | 2878 ||| DRINKING potion of heal wounds.
  2907 | D:5      | HP: 8/43 [something (7)]
  2911 | D:5      | HP: 3/43 [something (5)]
  2912 | D:5      | Killed Sigmund
  2913 | D:5      | Reached skill level 8 in Ranged Weapons
  3129 | D:5      | Noticed Dowan
  3130 | D:5      | Noticed Duvessa
  3155 | D:5      | Killed Dowan
  3156 | D:5      | Reached XP level 8. HP: 27/48 MP: 4/8
  3169 | D:5      | HP: 10/48 [Duvessa/+0 short sword (8)]
  3171 | D:5      | HP: 2/48 [Duvessa/+0 short sword (7)]
  3172 | D:5      | Mangled by Duvessa

Levels and vault maps discovered:
D:1:      roderic_crossed_star, layout_basic, serial_shops, shop
D:2:      layout_basic, basic_altar
D:3:      layout_rooms, mainiacjoe_overflow_chevrons,
          chequers_temple_overflow_statue_of_worship
D:4:      gammafunk_steamed_eel, layout_basic, kennysheep_mini_moat,
          serial_corexii_hall, chequers_hall_statues_y, corexii_hall_statues_u,
          chequers_hall_statues_wall_a
D:5:      layout_cave_pods, uniq_sigmund, uniq_duvessa, uniq_crazy_yiuf_cottage

Skill      XL: |  1  2  3  4  5  6  7 |
---------------+----------------------+-----
Ranged Weapons | 5 6 7 8 |  8.3
Fighting       | 3 4 |  4.6
Armour         | 1 |  1.7
Dodging        | 2 |  2.4
Stealth        | |  1.1

Action                     |  1- 3 |  4- 6 |  7- 9 || total
---------------------------+-------+-------+-------++-------
   Fire: Shortbow          |   131 |   150 |   105 ||   386
    Use: Scroll            |     2 |     9 |       ||    11
         Potion            |       |     2 |     1 ||     3
 Armour: Leather armour    |    31 |    44 |    70 ||   145
  Dodge: Dodged            |    42 |    79 |    64 ||   185

Table legend:
 A = Non-vault XP
 B = Vault XP
 C = Vault XP percentage of total XP
 D = Non-vault monster count
 E = Vault monster count
 F = Vault count percentage of total count
                 A         B        C        D         E       F
            +---------+---------+-------+---------+---------+-------
      Total |     926 |     295 |  24.2 |      86 |       2 |   2.3
            +---------+---------+-------+---------+---------+-------
        D:1 |      38 |       0 |   0.0 |      23 |       0 |   0.0
        D:2 |      66 |       0 |   0.0 |      23 |       0 |   0.0
        D:3 |      32 |       0 |   0.0 |      11 |       0 |   0.0
        D:4 |     258 |       0 |   0.0 |      14 |       0 |   0.0
        D:5 |     532 |     295 |  35.7 |      15 |       2 |  11.8
            +---------+---------+-------+---------+---------+-------
